AoeStats
← aleph224aleph224

Arabia

506355474Analyzed
1v1 RM · 19d ago on Sep 13, 2026· 35m 34s· 2 players
Game mode
Random Map
Map size
Tiny (2 player)
Population
200
Speed
Normal
Resources
Standard
Victory
Conquest
Starting age
Dark Age
Ending age
Imperial Age
RankedLock teamsTeams togetherTeam positionsShared explorationLock speedFull tech treeHidden civsTurbo modeCheats
Victory
Defeat
🇹🇼 Goths · Taiwan
907
+15
🇹🇼 Shu · Taiwan
894
-15
Tiennn
12:55 Feudal Age
14:20 Loom
16:26 Double-Bit Axe
19:13 Castle Age
19:30 Man-at-Arms
19:55 Gambesons
20:12 Squires
22:07 Long Swordsman
22:48 Squires
29:41 Bow Saw
31:36 Horse Collar
aleph224aleph224
6:45 Loom
10:53 Feudal Age
11:27 Man-at-Arms
11:53 Double-Bit Axe
18:19 Forging
18:59 Scale Mail Armor
20:20 Horse Collar
23:48 Castle Age
23:38 Fletching
25:55 Iron Casting
25:34 Bow Saw
25:27 Heavy Plow
25:28 Bodkin Arrow
26:45 Long Swordsman
28:22 Chain Mail Armor
34:37 Ballistics
Connection lost

Rejoining the realm…

Still unreachable

The connection could not be restored.

Session expired

The server has moved on; the page needs a fresh start.